 Dungeon Crawl Stone Soup version 0.21-a0-26-g7b23a2f (webtiles) character file.

39 Alarkh the Charmwright (level 3, 0/32 HPs)
             Began as a Demonspawn Skald on May 25, 2017.
             Slain by Natasha (7 damage)
             ... on level 2 of the Dungeon.
             The game lasted 00:01:44 (1258 turns).

Alarkh the Charmwright (Demonspawn Skald)           Turns: 1258, Time: 00:01:45

Health: 0/32       AC:  4    Str:  9 (11) XL:     3   Next: 26%
Magic:  6/6        EV: 12    Int: 13 (15) God:
Gold:   50         SH:  0    Dex: 11 (12) Spells: 5/6 levels left

rFire    . . .     SeeInvis .   a - +0 hand axe
rCold    . . .     Gourm    .   (no shield)
rNeg     . . .     Faith    .   b - +0 leather armour
rPois    .         Spirit   .   h - +1 hat
rElec    .         Reflect  .   (no cloak)
rCorr    .         Harm     .   (no gloves)
MR       .....                  (no boots)
Stlth    +.........             (no amulet)
Regen    0.1/turn               (no ring)
MPRegen  0.1/turn               (no ring)

@: slowed, very slow
A: horns 1, robust 2
a: no special abilities


You were on level 2 of the Dungeon.
You were not hungry.

You visited 1 branch of the dungeon, and saw 2 of its levels.

You collected 50 gold pieces.

Inventory:

Hand Weapons
 a - a +0 hand axe (weapon)
Armour
 b - a +0 leather armour (worn)
 h - a +1 hat (worn)
Jewellery
 j - an uncursed amulet of rage {unknown}
 k - an uncursed ring of positive energy {unknown}
Scrolls
 g - a scroll of identify {unknown}
 l - 2 scrolls of enchant armour {unknown}
Books
 c - a book of Battle

   Spells                             Type                      Level
   a - Infusion                       Charms                       1
   b - Shroud of Golubria             Charms/Translocation         2
   c - Song of Slaying                Charms                       2
   d - Spectral Weapon                Hexes/Charms                 3
   e - Regeneration                   Charms/Necromancy            3
Comestibles
 d - a bread ration
 f - 2 meat rations


   Skills:
 - Level 2.1 Fighting
 + Level 2.0 Axes
 - Level 1.1 Armour
 - Level 2.1 Dodging
 - Level 2.2 Spellcasting
 - Level 3.2 Charms


You had 5 spell levels left.
You knew the following spells:

 Your Spells              Type           Power        Failure   Level  Hunger
a - Infusion              Chrm           #...         9%          1    ##.....


Dungeon Overview and Level Annotations

Branches:
Dungeon (2/15)

Altars:

Annotations:
D:2 Natasha


Innate Abilities, Weirdness & Mutations

You have a pair of small horns on your head.
You are very robust. (+20% HP)


Message History

Natasha claws you but does no damage.
You hit Natasha.
Natasha is moderately wounded.
Natasha claws you!
You hit Natasha.
Natasha is heavily wounded.
Natasha claws you.
You hit Natasha. Your headbutt misses Natasha.
Natasha is heavily wounded.
Natasha claws you but does no damage. Natasha claws you!
* * * LOW HITPOINT WARNING * * *
You aren't carrying any potions.
You hit Natasha.
Natasha is almost dead.
Natasha stares at you and mumbles some strange words.
You feel yourself slow down.
You hit Natasha but do no damage.
Natasha is almost dead.
Natasha claws you!
You die...

..#.. #.#.#
#...# #...##
###.##....###..
.>............#
#...# #.h.#
##@.# ####
#..####....##
#....).......
#..####.##.##
##.##.. ..
#..#.# ##
#..#.# #....#
#....#


You could see Natasha.

Vanquished Creatures
  Natasha (D:2)
  2 bats (D:1)
  2 giant cockroaches (D:1)
  2 goblins (D:1)
  2 hobgoblins
  A quokka (D:2)
  2 frilled lizards (D:1)
  2 rats (D:1)
14 creatures vanquished.

Notes
Turn   | Place    | Note
-------+----------+-------------------------------------------
     0 | D:1      | Alarkh the Demonspawn Skald began the quest for the Orb.
     0 | D:1      | Reached XP level 1. HP: 16/16 MP: 3/3
   415 | D:1      | Reached skill level 3 in Charms
   415 | D:1      | Gained mutation: You have a pair of small horns on your head. [demonic ancestry]
   415 | D:1      | Reached XP level 2. HP: 22/22 MP: 5/5
  1024 | D:2      | Noticed Natasha
  1028 | D:2      | Gained mutation: You are robust. (+10% HP) [potion of mutation]
  1028 | D:2      | Gained mutation: You are very robust. (+20% HP) [potion of mutation]
  1036 | D:2      | Killed Natasha
  1036 | D:2      | Reached skill level 1 in Armour
  1036 | D:2      | Reached XP level 3. HP: 5/32 MP: 6/6
  1248 | D:2      | Noticed Natasha
  1258 | D:2      | Slain by Natasha

Vault maps used:
D:1:      lightli_arrival_statuegarden
D:2:      first_bread, nemelex_spade_bored_becter, uniq_natasha

Skill      XL: |  1  2 |
---------------+-------+-----
Dodging        | 2 |  2.1
Charms         | 3 |  3.2
Axes           | 2 |  2.0
Armour         | 1 |  1.1
Fighting       | |  2.1
Spellcasting   | |  2.2

Action                   || total
-------------------------++-------
Melee: Hand axe          ||    58
       Headbutt          ||     3
  Use: Potion            ||     3
  Eat: Chunk             ||     1
Armor: Leather armour    ||    18
Dodge: Dodged            ||    39
